 Dungeon Crawl Stone Soup version 0.18.1-50-g88ac8fd (webtiles) character file.

60 cedor the Vexing (level 3, -2/26 HPs)
             Began as a Demonspawn Arcane Marksman on Oct 23, 2016.
             Killed from afar by lorenzova's ghost (6 damage)
             ... with a magic dart
             ... on level 3 of the Dungeon.
             The game lasted 00:05:44 (534 turns).

cedor the Vexing (Demonspawn Arcane Marksman)        Turns: 534, Time: 00:05:45

Health: -2/26      AC:  2    Str: 11    XL:     3   Next: 80%
Magic:  3/5        EV: 12    Int: 15    God:
Gold:   28         SH:  0    Dex: 12    Spells: 2 memorised, 2 levels left

rFire  . . .     SeeInvis .     a - +0 shortbow
rCold  . . .     Gourm    .     h - +0 robe
rNeg   . . .     Faith    .     (shield currently unavailable)
rPois  .         Spirit   .     (helmet restricted)
rElec  .         Dismiss  .     (no cloak)
rCorr  .         Reflect  .     (no gloves)
SustAt .         Harm     .     (no boots)
MR     .....                    (no amulet)
Stlth  +.........               g - ring of wizardry
                                (no ring)

@: not resistant to hostile enchantments, very unstealthy
A: horns 2
a: no special abilities


You were on level 3 of the Dungeon.
You were not hungry.

You visited 1 branch of the dungeon, and saw 3 of its levels.

You collected 28 gold pieces.


Innate Abilities, Weirdness & Mutations

You have a pair of horns on your head.


   Skills:
 - Level 1.1 Fighting
 * Level 2.7 Bows
 + Level 2.2 Dodging
 + Level 1.5 Spellcasting
 + Level 3.4 Hexes


You had 2 spell levels left.
You knew the following spells:

 Your Spells              Type           Power        Failure   Level  Hunger
z - Slow                  Hex            ##......     4%          2    ###....
Z - Corona                Hex            ##.....      3%          1    ##.....

Inventory:

Hand Weapons
 a - a +0 shortbow (weapon)
 b - a +0 short sword of flaming
 i - a cursed -1 war axe
Missiles
 d - 63 arrows (quivered)
Armour
 h - a +0 robe (worn)
 j - a +0 pair of boots
Jewellery
 g - a ring of wizardry (right hand)
Scrolls
 e - a scroll of noise {unknown}
 k - a scroll of amnesia {unknown}
Books
 c - a book of Debilitation

   Spells                             Type                      Level
   a - Corona                         Hexes                        1
   b - Slow                           Hexes                        2
   c - Gell's Gravitas                Hexes/Translocation          3
   d - Inner Flame                    Hexes/Fire                   3
   e - Cause Fear                     Hexes                        4
   f - Leda's Liquefaction            Hexes/Earth                  4
Comestibles
 f - a bread ration

Dungeon Overview and Level Annotations

Branches:
Dungeon (3/15)

Altars:

Annotations:
D:3 lorenzova's ghost, amateur DECj

▒▒▒▒▒▒▒▒▒▒▒▒
▒..........▒
▒..........▒
▒..........▒
▒..........▒
▒..........▒
▒.6.W......▒
▒..........▒
▒......)...▒▒▒▒▒
▒▒▒▒..▒▒(.......
▒............
▒.▒...((...).
▒.......(....
▒.......(....
...▒..........


You could see lorenzova's ghost.


Message History

Confirm with . or Enter, or press ? or * to list all spells.
Aiming: Slow
Press: ? - help, Shift-Dir - straight line, f/p - lorenzova's ghost
Aim: lorenzova's ghost, wielding a weapon of venom (moderately damaged, softly glowing, chance to defeat MR: 41%) Lorenzova's ghost resists with some effort.
The kobold shouts!
Lorenzova's ghost casts a spell at you. The magic dart hits you!
* * * LOW HITPOINT WARNING * * *
The kobold throws a stone.
The stone closely misses you.
Firing (i - inventory):
d - 65 arrows (quivered)
Press: ? - help, Shift-Dir - straight line, f/p - lorenzova's ghost
Aim: lorenzova's ghost, wielding a weapon of venom (moderately damaged, softly glowing)
You shoot an arrow.
The arrow hits lorenzova's ghost but does no damage.
Lorenzova's ghost is moderately damaged.
The kobold throws a stone.
The stone closely misses you.
Firing (i - inventory):
d - 64 arrows (quivered)
Press: ? - help, Shift-Dir - straight line, f/p - lorenzova's ghost
Aim: lorenzova's ghost, wielding a weapon of venom (moderately damaged, softly glowing)
You shoot an arrow. The arrow hits lorenzova's ghost!
Lorenzova's ghost is severely damaged.
A giant newt comes into view.
Things that are here:
a dagger; a goblin corpse Lorenzova's ghost stops glowing.
Lorenzova's ghost shouts, "You must not succeed where I failed!"
Lorenzova's ghost gestures at you while chanting.
The magic dart hits you!
You die...

Action                   || total
-------------------------++-------
Melee: Short sword       ||    32
       Headbutt          ||     4
 Fire: Shortbow          ||    42
 Cast: Corona            ||     6
       Slow              ||     1
Armor: Robe              ||     6
Dodge: Dodged            ||    26

Vault maps used:
D:1:      lemuel_arrival_rhombus
D:2:      uniq_robin
D:3:      lemuel_castle_with_subvaults, marbit_many_paths, lemuel_crystal_altar,
          overflow_temple_1_default, ashenzari_altar_1, bloody_makhleb,
          uniq_jessica

Notes
Turn   | Place    | Note
--------------------------------------------------------------
     0 | D:1      | cedor the Demonspawn Arcane Marksman began the quest for the Orb.
     0 | D:1      | Reached XP level 1. HP: 15/15 MP: 2/2
    79 | D:1      | Reached skill level 2 in Bows
    79 | D:1      | Gained mutation: You have a pair of small horns on your head. [demonic ancestry]
    79 | D:1      | Reached XP level 2. HP: 21/21 MP: 1/3
   133 | D:2      | Reached skill level 2 in Dodging
   188 | D:2      | Gained mutation: You have a pair of horns on your head. [demonic ancestry]
   188 | D:2      | Reached XP level 3. HP: 21/26 MP: 5/5
   502 | D:2      | Learned a level 2 spell: Slow
   521 | D:3      | Noticed lorenzova's ghost (amateur DECj)
   534 | D:3      | Killed from afar by lorenzova's ghost

Vanquished Creatures
  2 adders (D:2)
  2 oozes
  A giant cockroach (D:2)
  11 goblins
  3 hobgoblins
  4 jackals (D:2)
  4 kobolds
  A bat (D:2)
  A giant newt (D:2)
  2 rats (D:2)
31 creatures vanquished.
